 Dungeon Crawl Stone Soup version 0.21.1-1-g345015f (webtiles) character file.

19 inc the Vexing (level 2, -1/11 HPs)
             Began as a Felid Enchanter on Mar 5, 2018.
             Slain by a worm (12 damage)
             ... on level 2 of the Dungeon.
             The game lasted 00:01:27 (917 turns).

inc the Vexing (Felid Enchanter)                     Turns: 917, Time: 00:01:27

Health: -1/11      AC:  1    Str:  4    XL:     2   Next: 55%
Magic:  0/6        EV: 18    Int: 16    God:
Gold:   32         SH:  0    Dex: 16    Spells: 2/5 levels left
                                        Lives:  0   Deaths: 0

rFire    . . .     SeeInvis +     - Unarmed
rCold    . . .     Gourm    .   (shield unavailable)
rNeg     . . .     Faith    .   (armour unavailable)
rPois    .         Spirit   .   (helmet unavailable)
rElec    .         Reflect  .   (cloak unavailable)
rCorr    .         Harm     .   (gloves unavailable)
MR       .....                  (boots unavailable)
Stlth    +++.......             (no amulet)
HPRegen  0.03/turn              (no ring)
MPRegen  0.10/turn              (no ring)

@: very slightly contaminated, quick
A: very small, no armour, no weapons or thrown items, stealth, claws 1, fangs 3,
see invisible, carnivore, speed 1, shaggy fur 1, slow metabolism 1, sharp paws
a: no special abilities


You were on level 2 of the Dungeon.
You were not hungry.

You visited 1 branch of the dungeon, and saw 2 of its levels.

You collected 32 gold pieces.

Inventory:

Scrolls
 c - a scroll of immolation {unknown}
 d - a scroll of remove curse {unknown}
Books
 a - a book of Maledictions

   Spells                             Type                      Level
   a - Corona                         Hexes                        1
   b - Ensorcelled Hibernation        Hexes/Ice                    2
   c - Confuse                        Hexes                        3
   d - Tukima's Dance                 Hexes                        3
   e - Dazzling Spray                 Conjuration/Hexes            3
Comestibles
 b - a ration


   Skills:
 - Level 2.6 Dodging
 - Level 4.0 Stealth
 - Level 2.2 Unarmed Combat
 - Level 2.0 Spellcasting
 - Level 4.4 Hexes
 + Level 1.0 Ice Magic


You had 2 spell levels left.
You knew the following spells:

 Your Spells              Type           Power        Failure   Level  Hunger
a - Corona                Hex            ###....      3%          1    #......
b - Ensorcelled Hibernat  Hex/Ice        ##....       11%         2    ###....


Dungeon Overview and Level Annotations

Branches:
Dungeon (2/15)

Altars:


Innate Abilities, Weirdness & Mutations

You cannot wear armour.
You are incapable of wielding weapons or throwing items.
Your paws allow you to move quietly. (Stealth)
You have sharp claws.
You have razor-sharp teeth.
You have supernaturally acute eyesight. (SInv)
You are carnivorous and can eat meat at any time.
You cover ground quickly.
You are covered in fur. (AC +1)
You have a slow metabolism.
Your sharp claws are effective at attacking unaware monsters.


Message History

You are very lightly contaminated with residual magic.
A chill runs through your body.
Casting: Ensorcelled Hibernation
Confirm with . or Enter, or press ? or * to list all spells.
Aiming: Ensorcelled Hibernation
Press: ? - help, Shift-Dir - straight line, f/p - worm
Aim: a worm (chance to defeat MR: 50%)
The worm resists with some effort.
Casting: Ensorcelled Hibernation
Confirm with . or Enter, or press ? or * to list all spells.
Aiming: Ensorcelled Hibernation
Press: ? - help, Shift-Dir - straight line, f/p - worm
Aim: a worm (chance to defeat MR: 50%)
The worm looks drowsy...
You pounce on the unaware helpless worm!
You claw the worm! You bite the worm, but do no damage.
The worm is severely wounded.
The worm bites you!
Ouch! That really hurt!
You die...

#####..####### #
#........# #
##.#####.# . #.#
#.# # #.# #.#
#.# #.# #># #.#
#.#####.#######
#..........@w.#
######...#.....#
#.............
.....#.....####
##...........#
#.##.##..##.# #.
#.##.## .# ..
#.##.# #


You could see a worm.

Vanquished Creatures
  A dart slug (D:1)
  5 goblins (D:1)
  3 jackals (D:1)
  A kobold (D:1)
  A bat (D:1)
  3 frilled lizards (D:1)
  3 rats (D:1)
17 creatures vanquished.

Notes
Turn   | Place    | Note
-------+----------+-------------------------------------------
     0 | D:1      | inc the Felid Enchanter began the quest for the Orb.
     0 | D:1      | Reached XP level 1. HP: 7/7 MP: 4/4
    87 | D:1      | Reached XP level 2. HP: 8/11 MP: 3/6
    91 | D:1      | Learned a level 2 spell: Ensorcelled Hibernation
   528 | D:1      | Reached skill level 1 in Ice Magic
   917 | D:2      | Slain by a worm

Skill      XL: |  1  2 |
---------------+-------+-----
Unarmed Combat | 2 |  2.2
Ice Magic      | 1 |  1.0
Dodging        | |  2.6
Stealth        | |  4.0
Spellcasting   | |  2.0
Hexes          | |  4.4

Action                   || total
-------------------------++-------
Melee: Unarmed           ||    28
       Bite              ||     3
 Cast: Corona            ||     7
       Ensorcelled Hiber ||    11
 Stab: Sleeping          ||    14
  Eat: Chunk             ||     1
Armor: Skin              ||     1
Dodge: Dodged            ||    10
